AoeStats
← larrery

Arabia

510010973Analyzed
1v1 RM · 4d ago on Sep 29, 2026· 74m 46s· 2 players
Game mode
Random Map
Map size
Tiny (2 player)
Population
200
Speed
Normal
Resources
Standard
Victory
Conquest
Starting age
Dark Age
Ending age
Imperial Age
RankedLock teamsTeams togetherTeam positionsShared explorationLock speedFull tech treeHidden civsTurbo modeCheats
Victory
Defeat
🇨🇴 Muisca · Colombia
938
+17
🇺🇸 Ethiopians · United States
949
-17
larrery
7:02 Loom
10:04 Feudal Age
10:32 Double-Bit Axe
20:34 Castle Age
18:53 Gold Mining
22:29 Bow Saw
24:52 Stone Mining
25:26 Horse Collar
26:27 Scale Mail Armor
29:03 Heavy Plow
35:22 Fletching
35:44 Forging
44:22 Imperial Age
42:21 Guard Tower
42:43 Padded Archer Armor
44:47 Ballistics
45:27 Murder Holes
45:46 Squires
47:41 Thumb Ring
48:29 Padded Archer Armor
49:36 Two-Man Saw
48:56 Town Watch
49:52 Wheelbarrow
51:08 Chain Mail Armor
51:20 Hand Cart
53:49 Plate Mail Armor
54:10 Crop Rotation
53:58 Town Patrol
55:24 Gold Shaft Mining
55:51 Siege Engineers
56:03 Onager
63:57 Iron Casting
63:18 Bodkin Arrow
63:39 Leather Archer Armor
68:33 Elite Temple Guard
70:25 Conscription
Giant Crab
7:21 Loom
9:57 Feudal Age
10:43 Double-Bit Axe
14:08 Horse Collar
14:31 Fletching
23:35 Castle Age
23:57 Padded Archer Armor
24:09 Forging
24:06 Scale Barding Armor
23:51 Crossbowman
24:37 Thumb Ring
29:25 Ballistics
30:04 Bow Saw
30:37 Bodkin Arrow
44:05 Masonry
45:29 Wheelbarrow
44:41 Town Watch
50:50 Imperial Age
48:41 Hand Cart
53:18 Arbalester
54:56 Elite Shotel Warrior
56:36 Cavalier
64:42 Iron Casting
64:34 Bracer
66:20 Chemistry
67:26 Elite Skirmisher
69:20 Light Cavalry
70:01 Husbandry
73:54 Hussar
Connection lost

Rejoining the realm…

Still unreachable

The connection could not be restored.

Session expired

The server has moved on; the page needs a fresh start.